 Dungeon Sprint DCSS version 0.21-a0-297-ga3d34c2 (webtiles) character file.

36 Kidiri the Magician (level 3, -4/19 HPs)
             Began as a Deep Elf Fire Elementalist on Sept 28, 2017.
             Slain by a wolf (5 damage)
             ... in the Dungeon (Sprint III: "The Ten Rune Challenge").
             The game lasted 00:01:08 (166 turns).

Kidiri the Magician (Deep Elf Fire Elementalist)     Turns: 166, Time: 00:01:09

Health: -4/19      AC:  3    Str:  5    XL:     3   Next: 19%
Magic:  7/13       EV: 13    Int: 20    God:
Gold:   0          SH:  0    Dex: 15    Spells: 6/15 levels left

rFire    . . .     SeeInvis .   (no weapon)
rCold    + . .     Gourm    .   (no shield)
rNeg     . . .     Faith    .   a - +1 robe {rC+}
rPois    .         Spirit   .   (no helmet)
rElec    .         Reflect  .   (no cloak)
rCorr    .         Harm     .   (no gloves)
MR       .....     NoTele   +   (no boots)
Stlth    ++........             (no amulet)
HPRegen  0.06/turn              (no ring)
MPRegen  0.13/turn              (no ring)

@: no status effects
A: no striking features
a: no special abilities


You were in the Dungeon.
You were not hungry.

You visited 1 branch

Inventory:

Armour
 a - a +1 robe of cold resistance (worn)
Scrolls
 i - a scroll of blinking
Potions
 d - a potion of curing
 e - a potion of heal wounds
 f - a potion of haste
 g - 2 potions of magic
 h - a potion of berserk rage
 j - a potion of mutation {unknown}
Books
 b - a book of Flames

   Spells                             Type                      Level
   a - Flame Tongue                   Conjuration/Fire             1
   b - Throw Flame                    Conjuration/Fire             2
   c - Conjure Flame                  Conjuration/Fire             3
   d - Inner Flame                    Hexes/Fire                   3
   e - Sticky Flame                   Conjuration/Fire             4
   f - Fireball                       Conjuration/Fire             5
Comestibles
 c - a bread ration
 l - a chunk of flesh
 m - a royal jelly


   Skills:
 - Level 2.4 Dodging
 - Level 2.4 Stealth
 * Level 6.6 Spellcasting
 + Level 3.5 Conjurations
 + Level 4.7 Fire Magic


You had 6 spell levels left.
You knew the following spells:

 Your Spells              Type           Power        Failure   Level  Hunger
a - Flame Tongue          Conj/Fire      ###..        1%          1    None
b - Throw Flame           Conj/Fire      ###...       2%          2    None
c - Conjure Flame         Conj/Fire      ###.....     5%          3    #......
d - Inner Flame           Hex/Fire       ###.....     11%         3    #......


Dungeon Overview and Level Annotations

Branches:
Dungeon (1/1)

Altars:


Message History

Ouch! That really hurt!
Casting: Flame Tongue
Confirm with . or Enter, or press ? or * to list all spells.
Aiming: Flame Tongue
Press: ? - help, Shift-Dir - straight line, f/p - wolf
Aim: a wolf (almost dead)
The flame tongue hits the wolf.
The wolf appears unharmed.
The wolf is almost dead.
The wolf bites you!
* * * LOW HITPOINT WARNING * * *
The wolf misses you.
Casting: Flame Tongue
Confirm with . or Enter, or press ? or * to list all spells.
Aiming: Flame Tongue
Press: ? - help, Shift-Dir - straight line, f/p - wolf
Aim: a wolf (almost dead)
The flame tongue hits the wolf.
The wolf appears unharmed.
The wolf is almost dead.
The wolf bites you.
You die...

▓▓▓▓ ▓<.#
+...♣♣♣ ▓..#
#.....♣♣
▓#'####......♣
▓.....#....≈♣
▓.....#...≈≈♣♣.
▓....)#..≈≈≈≈.♣
▓####'#h.≈≈≈≈≈≈
▓[..÷.#@≈≈≈≈≈≈.
▓.....#.≈≈≈≈≈..
▓.....#.≈≈≈....
▓'#####........
▓..............
▓▓▓▓▓▓▓▓▓▓▓▓▓▓▓


You could see a wolf.

Vanquished Creatures
  Jessica (D)
  2 oozes (D)
  A rat (D)
4 creatures vanquished.

Vanquished Creatures (others)
  3 hellions (D)
3 creatures vanquished.

Grand Total: 7 creatures vanquished

Notes
Turn   | Place    | Note
-------+----------+-------------------------------------------
     0 | D        | Kidiri the Deep Elf Fire Elementalist began the quest for the Orb.
     0 | D        | Reached XP level 1. HP: 10/10 MP: 6/6
     3 | D        | Reached skill level 4 in Spellcasting
    35 | D        | Reached XP level 2. HP: 15/15 MP: 4/9
    39 | D        | Learned a level 2 spell: Throw Flame
    76 | D        | Killed a hellion
    82 | D        | Noticed Jessica
    86 | D        | Killed Jessica
    86 | D        | Reached skill level 6 in Spellcasting
    86 | D        | Reached XP level 3. HP: 17/19 MP: 5/13
    87 | D        | Killed a hellion
    92 | D        | Learned a level 3 spell: Conjure Flame
    93 | D        | Killed a hellion
    96 | D        | Learned a level 3 spell: Inner Flame
   166 | D        | Slain by a wolf

Vault maps used:
D:        dungeon_sprint_mu

Skill      XL: |  1  2 |
---------------+-------+-----
Spellcasting   | 4 6 |  6.6
Conjurations   | 2 3 |  3.5
Fire Magic     | 4 |  4.7
Dodging        | |  2.4
Stealth        | |  2.4

Action                   || total
-------------------------++-------
 Cast: Flame Tongue      ||    14
       Throw Flame       ||     1
Dodge: Dodged            ||     1

Table legend:
 A = Spawn XP
 B = Non-spawn XP
 C = Spawn XP percentage of total XP
 D = Spawn monster count
 E = Non-spawn monster count
 F = Spawn count percentage of total count
 G = Total turns spent on level
                    A         B        C        D         E        F      G
               +---------+---------+-------+---------+---------+-------+---------
         Total |       0 |      52 |   0.0 |       0 |       4 |   0.0 |   166
               +---------+---------+-------+---------+---------+-------+---------
             D |       0 |      52 |   0.0 |       0 |       4 |   0.0 |   166
               +---------+---------+-------+---------+---------+-------+---------
